 Dungeon Crawl Stone Soup version 0.23-a0-673-g3803c42f16 (webtiles) character file.

1073 elsanton the Skirmisher (level 8, 0/46 HPs)
             Began as a Gargoyle Fighter on Jan 9, 2019.
             Was a Follower of Hepliaklqana.
             Splashed by Harold's acid (16 damage)
             ... on level 7 of the Dungeon.
             The game lasted 00:22:01 (5849 turns).

elsanton the Skirmisher (Gargoyle Fighter)          Turns: 5849, Time: 00:22:01

Health: 0/46       AC: 18    Str: 28    XL:     8   Next: 28%
Magic:  8/8        EV: 18    Int:  8    God:    Hepliaklqana [*.....]
Gold:   367        SH: 12    Dex:  9    Spells: 7/7 levels left

rFire    . . .     SeeInvis .   H - +3 flail
rCold    . . .     Gourm    .   c - +1 shield
rNeg     + . .     Faith    .   A - +0 crystal plate armour
rPois    ∞         Spirit   .   (no helmet)
rElec    +         Reflect  .   (no cloak)
rCorr    .         Harm     .   (no gloves)
MR       .....                  (no boots)
Stlth    ..........             r - amulet of the acrobat
HPRegen  0.15/turn              (no ring)
MPRegen  0.11/turn              (no ring)

@: mighty, marked, corroded, acrobat
A: reduced essence, negative energy resistance 1, electricity resistance,
unbreathing, petrification resistance, rot immunity, AC +5
a: Recall Ancestor, Ancestor Identity, Renounce Religion


You were on level 7 of the Dungeon.
You worshipped Hepliaklqana.
Hepliaklqana was aware of your devotion.
You were near starving.

You visited 2 branches of the dungeon, and saw 8 of its levels.
You also visited: Sewer.

You collected 367 gold pieces.

Inventory:

Hand Weapons
 a - a +0 flail
 H - a +3 flail (weapon)
Missiles
 g - 24 poisoned needles
 j - 6 tomahawks
 l - 251 stones (quivered)
 y - 7 needles of sleeping
Armour
 b - a +0 scale mail
 c - a +1 shield (worn)
 A - a +0 crystal plate armour (worn)
Jewellery
 r - an amulet of the acrobat (around neck)
 v - an uncursed amulet of magic regeneration {unknown}
 x - an uncursed ring of resist corrosion {unknown}
 D - a +2 ring of dexterity {unknown}
 G - an uncursed ring of stealth {unknown}
 J - a +3 ring of strength {unknown}
Wands
 I - a wand of digging (6)
Scrolls
 e - 4 scrolls of enchant armour
 k - 6 scrolls of remove curse {unknown}
 m - a scroll of fear {unknown}
 q - 2 scrolls of blinking
 s - a scroll of teleportation
 u - 2 scrolls of amnesia
 w - 2 scrolls of enchant weapon {unknown}
 B - a scroll of magic mapping {unknown}
 C - a scroll of vulnerability {unknown}
 E - 4 scrolls of identify
Potions
 h - 8 potions of curing
 i - 2 potions of agility
 n - 2 potions of heal wounds {unknown}
 o - 2 potions of ambrosia {unknown}
 p - 6 potions of flight {unknown}
 t - a potion of lignification {unknown}
 z - 3 potions of haste {unknown}
 F - a potion of brilliance {unknown}
Comestibles
 f - 10 rations


   Skills:
 * Level 6.9 Fighting
 + Level 4.3 Maces & Flails
 + Level 5.2 Armour
 * Level 6.7 Shields


You had 7 spell levels left.
You didn't know any spells.
Your spell library contained the following spells:

 Spells                   Type           Power        Failure   Level  Hunger
 Beastly Appendage        Tmut           #.....       100%        1    ##.....
 Sticks to Snakes         Tmut           #.......     100%        2    ###....
 Spider Form              Tmut/Pois      #.........   100%        3    ####...
 Ice Form                 Ice/Tmut       #.......     100%        4    #####..
 Blade Hands              Tmut           #.........   100%        5    ######.


Dungeon Overview and Level Annotations

Branches:
Dungeon (7/15)             Temple (1/1) D:4

Altars:
Ashenzari
Cheibriados
Fedhas
Gozag
Hepliaklqana
Kikubaaqudgha
Makhleb
Nemelex Xobeh
Okawaru
Qazlal
Sif Muna
Trog
Uskayaw
Vehumet
Wu Jian
Xom
Yredelemnul
Zin
The Shining One

Shops:
D:5 %

Annotations:
D:7 Harold


Innate Abilities, Weirdness & Mutations

You are resistant to torment.
Your stone body is resilient. (AC +5)
You are immune to poison.
You resist negative energy. (rN+)
You are resistant to electric shocks. (rElec)
You can survive without breathing.
You are immune to petrification.
You are immune to rotting.
Your life essence is reduced to manifest your ancestor. (-10% HP)


Message History

Harold zaps a wand.
The bolt of acid hits Aula.
Aula is splashed with acid.
Aula is destroyed!
The bolt of acid misses you.
You are near starving!
Harold zaps a wand.
The bolt of acid hits you!
You are splashed with acid!
The acid burns!
Harold points at you and mumbles some strange words.
A sentinel's mark forms upon you.
Harold points at you and mumbles some strange words.
The harpoon shot misses you. Harold casts a spell at you.
The mark upon you grows brighter.
You feel very mighty all of a sudden.
Harold zaps a wand.
The bolt of acid hits you!
You are splashed with acid!
The acid burns!
Harold shouts, "Can you die now?
I had plans for the rest of the day!"
Harold zaps a wand.
The bolt of acid misses you.
Harold zaps a wand.
The bolt of acid hits you! The acid corrodes you!
You are splashed with acid!
The acid burns!
You die...

..##.# #..8#8.####
...#.###....J....#
....(..........#.#
.###.######...##.#
.....# #.@###.# .#####
#....#.# +# #......#
..## #####@##### ...##
#......@..# ....##
##.###.###.#
.....####...##.###.##
.....'................
.....####...#..##.....
....## ##.##.###..##.
...## #..... ...# .#
..## ####.###.## # '##
#.#


You could see Harold.

Vanquished Creatures
  Menkaure (D:6)
  An ice beast (D:5)
  A big kobold (Sewer)
  A bullfrog (D:6)
  A scorpion (D:5)
  2 bullfrog zombies
  A hound (D:3)
  A gnoll shaman (D:6)
  An iguana (D:6)
  3 worker ants
  A hound zombie (D:6)
  4 gnolls (D:6)
  9 adders
  3 river rats (Sewer)
  2 oozes
  An adder zombie (D:5)
  An adder skeleton (D:6)
  A worm (D:2)
  A dart slug (D:1)
  A leopard gecko (D:2)
  6 orcs
  9 bats
  6 giant cockroaches
  7 goblins
  4 hobgoblins
  2 jackals (D:2)
  8 kobolds
  4 quokkas
  6 ball pythons
  3 frilled lizards
  A leopard gecko skeleton (D:4)
  15 rats
108 creatures vanquished.

Vanquished Creatures (collateral kills)
  A phantom (D:6)
  An ogre (D:5)
  A gnoll (D:6)
  An adder zombie (D:6)
  A jackal (Sewer)
  2 kobolds (Sewer)
7 creatures vanquished.

Vanquished Creatures (others)
  4 ancestors
4 creatures vanquished.

Grand Total: 119 creatures vanquished

Notes
Turn   | Place    | Note
-------+----------+-------------------------------------------
     0 | D:1      | elsanton the Gargoyle Fighter began the quest for the Orb.
     0 | D:1      | Reached XP level 1. HP: 14/14 MP: 1/1
   176 | D:1      | Reached XP level 2. HP: 17/19 MP: 2/2
   525 | D:2      | Found a blossoming altar of Fedhas.
   807 | D:2      | Reached XP level 3. HP: 22/24 MP: 3/3
  1040 | D:2      | Reached XP level 4. HP: 20/29 MP: 4/4
  1870 | D:3      | Reached XP level 5. HP: 34/34 MP: 5/5
  2491 | D:4      | Found a staircase to the Ecumenical Temple.
  2495 | D:4      | Found a glowing drain.
  2551 | Temple   | Entered the Ecumenical Temple
  2721 | Temple   | Became a worshipper of Hepliaklqana the Forgotten
  2750 | Sewer    | Entered a sewer
  2888 | Sewer    | Noticed a big kobold
  2905 | Sewer    | Killed a big kobold
  2905 | Sewer    | Reached skill level 5 in Fighting
  2905 | Sewer    | Reached XP level 6. HP: 34/36 MP: 6/6
  2993 | Sewer    | Found a white marble altar of Elyvilon.
  3468 | D:4      | Reached skill level 5 in Shields
  3469 | D:4      | Found a sparkling altar of Nemelex Xobeh.
  3534 | D:4      | Found an iron altar of Okawaru.
  3791 | D:5      | Entered Level 5 of the Dungeon
  3836 | D:5      | Found Sodepog's Food Emporium.
  4177 | D:5      | Reached XP level 7. HP: 34/40 MP: 7/7
  4247 | D:5      | Reached * piety under Hepliaklqana
  4328 | D:5      | Found a stormy altar of Qazlal.
  4329 | D:5      | Noticed a water elemental
  4334 | D:5      | Noticed an air elemental
  4335 | D:5      | Noticed a fire elemental
  4674 | D:6      | Noticed Menkaure
  4696 | D:6      | Killed Menkaure
  4696 | D:6      | Reached XP level 8. HP: 18/46 MP: 8/8
  4945 | D:6      | Reached skill level 5 in Armour
  5816 | D:7      | Noticed Harold
  5849 | D:7      | Splashed by Harold's acid

Vault maps used:
D:1:      minmay_arrival_checkered_box, serial_bayou_crossing
D:2:      minmay_diamond_boxcup, fedhas_ov_isle_minmay, first_ration,
          grunt_ministairs_7
D:4:      minmay_spotlight, kennysheep_mini, minmay_temple_entry_butterflies,
          portal_sewer_entry_b, nemelex_dance_club_becter
D:5:      nicolae_qazlal_style_of_elements, serial_shops, shop
D:6:      uniq_menkaure
D:7:      nicolae_overflow_hidden_temple, chequers_serial_rivers_small_a,
          minmay_statues_item, uniq_pikel, uniq_harold
Temple:   regret_index_temple_sphere_string
Sewer:    sewer_kobolds

Skill      XL: |  1  2  3  4  5  6  7  8 |
---------------+-------------------------+-----
Shields        | 4 5 6 |  6.7
Fighting       | 4 5 6 |  6.9
Maces & Flails | 3 4 |  4.3
Armour         | 4 5 |  5.2

Action                   |  1- 3 |  4- 6 |  7- 9 || total
-------------------------+-------+-------+-------++-------
Melee: Flail             |   139 |   310 |    72 ||   521
Throw: Stone             |       |     9 |       ||     9
Invok: Recall Ancestor   |       |     1 |       ||     1
       Ancestor Identity |       |     1 |       ||     1
  Use: Scroll            |       |     7 |       ||     7
       Potion            |       |       |     2 ||     2
 Stab: Distracted        |       |     1 |       ||     1
  Eat: Chunk             |     1 |    10 |     1 ||    12
       Ration            |       |     1 |       ||     1
Armor: Scale mail        |   105 |   182 |     8 ||   295
       Crystal plate arm |       |       |    30 ||    30
Dodge: Dodged            |    49 |   130 |    24 ||   203
Block: Shield            |    97 |   240 |    55 ||   392

Table legend:
 A = Non-vault XP
 B = Vault XP
 C = Vault XP percentage of total XP
 D = Non-vault monster count
 E = Vault monster count
 F = Vault count percentage of total count
                 A         B        C        D         E       F
            +---------+---------+-------+---------+---------+-------
      Total |    1174 |     359 |  23.4 |      85 |      30 |  26.1
            +---------+---------+-------+---------+---------+-------
        D:1 |      11 |       0 |   0.0 |       5 |       0 |   0.0
        D:2 |     109 |      40 |  26.8 |      26 |      10 |  27.8
        D:3 |      69 |       0 |   0.0 |      18 |       0 |   0.0
        D:4 |      46 |      19 |  29.2 |       8 |       8 |  50.0
        D:5 |     472 |       0 |   0.0 |      13 |       0 |   0.0
        D:6 |     467 |     154 |  24.8 |      15 |       1 |   6.2
      Sewer |       0 |     146 | 100.0 |       0 |      11 | 100.0
            +---------+---------+-------+---------+---------+-------
